 Dungeon Crawl Stone Soup version 0.32-a0-575-gafe9d2b (webtiles) character file.

Game seed: 18176109618143699016

33 Dorkslayer the Covered (level 3, 0/30 HPs)
             Began as a Demigod Fighter on Mar 1, 2024.
             Slain by an iguana (2 damage)
             ... on level 2 of the Dungeon.
             The game lasted 00:01:29 (705 turns).

Dorkslayer the Covered (Demigod Fighter)             Turns: 705, Time: 00:01:29

Health: 0/30       AC:  9    Str: 21    XL:     3   Next: 0%
Magic:  5/5        EV:  9    Int: 10    God:
Gold:   86         SH:  4    Dex: 13    Spells: 2/2 levels left

rFire   . .          .
                       - Unarmed
rCold   . . .        b - +0 buckler
rNeg    . . .        a - +0 scale mail
rPois   .            (no helmet)
rElec   .            (no cloak)
rCorr   .            g - +0 pair of gloves
SInv    .            d - +0 pair of boots
Will    .....        (no amulet) Stlth
                     (no ring)
HPRegen 0.25/turn    (no ring)
MPRegen 0.09/turn

%: no passive effects
@: no status effects
A: high MP 1, forlorn, divine attributes
a: no special abilities


You were on level 2 of the Dungeon.
You visited 1 branch of the dungeon, and saw 2 of its levels.

You collected 86 gold pieces.

Inventory:

Missiles
 l - 3 atropa-tipped darts (quivered)
Armour
 a - a +0 scale mail (worn)
 b - a +0 buckler (worn)
 d - a +0 pair of boots (worn)
 g - a +0 pair of gloves (worn)
Talismans
 f - a storm talisman
 i - a serpent talisman
Scrolls
 h - a scroll of silence {unknown}
Potions
 c - 4 potions of might
 e - 3 potions of degeneration {unknown}
 j - 2 potions of haste {unknown}
 k - a potion of magic {unknown}


   Skills:
 + Level 2.8 Fighting
 + Level 3.0 Armour
 * Level 0.8 Dodging
 + Level 2.9 Shields
 + Level 2.3 Unarmed Combat
 * Level 0.2 Shapeshifting


You had 2 spell levels left.
You didn't know any spells.
Your spell library was empty.

Dungeon Overview and Level Annotations

Branches:
Dungeon (2/15)


Innate Abilities, Weirdness & Mutations

You have an increased reservoir of magic. (+10% MP)
You shall have no god before yourself.
Your divine heritage dramatically boosts your attributes as you level up.


Message History

You closely miss the iguana.
The iguana is moderately wounded.
The iguana bites you!
You barely miss the iguana.
The iguana is moderately wounded.
The iguana bites you.
You closely miss the iguana.
The iguana is moderately wounded.
The iguana barely misses you.
You hit the iguana.
The iguana is heavily wounded.
The iguana bites you!
* * * LOW HITPOINT WARNING * * *
You hit the iguana.
The iguana is heavily wounded.
You block the iguana's attack.
You hit the iguana.
The iguana is almost dead.
The iguana closely misses you.
You completely miss the iguana.
The iguana is almost dead.
You block the iguana's attack.
You barely miss the iguana.
The iguana is almost dead.
The iguana barely misses you.
You hit the iguana.
The iguana is almost dead.
The iguana bites you but does no damage.
You closely miss the iguana.
The iguana is almost dead.
The iguana bites you.
* * * LOW HITPOINT WARNING * * *
You hit the iguana but do no damage.
The iguana is almost dead.
The iguana bites you.
* * * LOW HITPOINT WARNING * * *
You closely miss the iguana.
The iguana is almost dead.
The iguana bites you.
You die...

####### #.....####
#.....#.. #.......
#.....# #.....# ##l##
#####..@######
#..............
######.###...#######
.............## #####
######...########...#
##.....###...#.#.#
###..............#.#
.................#.# #
###.............<###.#


You could see an iguana.

Vanquished Creatures
  2 dart slugs (D:1)
  3 endoplasms (D:1)
  2 giant cockroaches
  2 hobgoblins (D:1)
  4 jackals (D:1)
  A quokka (D:1)
  6 ball pythons
  A bat (D:1)
  A frilled lizard (D:2)
  2 kobolds (D:1)
  3 rats (D:1)
27 creatures vanquished.

Notes
Turn   | Place    | Note
-------+----------+-------------------------------------------
     0 | D:1      | Dorkslayer the Demigod Fighter began the quest for the Orb.
     0 | D:1      | Reached XP level 1. HP: 18/18 MP: 3/3
   244 | D:1      | Reached XP level 2. HP: 23/25 MP: 4/4
   385 | D:1      | Reached skill level 3 in Armour
   689 | D:2      | Reached XP level 3. HP: 30/30 MP: 5/5
   704 | D:2      | HP: 1/30 [iguana (3)]
   705 | D:2      | Slain by an iguana

Illustrated notes

Levels and vault maps discovered:
D:1:      lightli_arrival_isolated_outpost, layout_rooms
D:2:      layout_loops_ring, bh_walls_and_bars, uniq_terence,
          uniq_crazy_yiuf_cottage

Skill      XL: |  1  2 |
---------------+-------+-----
Unarmed Combat | 2 |  2.3
Armour         | 3 |  3.0
Fighting       | |  2.8
Dodging        | |  0.8
Shields        | |  2.9
Shapeshifting  | |  0.2

Action                     || total
---------------------------++-------
  Melee: Unarmed           ||   152
 Armour: Scale mail        ||   104
  Dodge: Dodged            ||    92
  Block: Buckler           ||    33

Table legend: (Time is in decaauts)
 A = Elapsed time spent in this place.
 B = Non-inter-level travel time spent in this place.
 C = Inter-level travel time spent in this place.
 D = Time resting spent in this place.
 E = Time spent auto-exploring this place.
 F = Levels seen in this place.
 G = Mean time per level.
                   A        B        C        D        E       F      G
               +--------+--------+--------+--------+--------+-----+--------+
         Total |    710 |    710 |      0 |      0 |    317 |   2 |  355.0 |
       Dungeon |    710 |    710 |      0 |      0 |    317 |   2 |  355.0 |
               +--------+--------+--------+--------+--------+-----+--------+

Top non-repeatable levels by time:
     D:1: 643 daAuts
     D:2: 67 daAuts
